[Event "ICC tourney 1877 (15 10)"]
[Site "Internet Chess Club"]
[Date "2020.06.14"]
[Round "1"]
[White "Kurguz1"]
[Black "dmartins2008"]
[Result "1-0"]
[ICCResult "Black resigns"]
[WhiteElo "1483"]
[BlackElo "1317"]
[Opening "Scandinavian (center counter) defense"]
[ECO "B01"]
[NIC "SD.01"]
[Time "12:22:02"]
[TimeControl "900+10"]

1. e4 d5 2. exd5 Qxd5 3. Nc3 Qa5 4. d4 c6 5. Bd2 Qc7 6. Nf3 Nf6 7. Bd3 Bg4
8. h3 Bh5 9. Qe2 e6 10. O-O-O Nbd7 11. g4 Bg6 12. Bxg6 hxg6 13. g5 Nd5 14.
Ne4 Be7 15. c4 N5b6 16. Ba5 Qf4+ 17. Bd2 Qc7 18. Ba5 Qf4+ 19. Bd2 Qf5 20.
Ng3 {Black resigns} 1-0

[Event "ICC tourney 1877 (15 10)"]
[Site "Internet Chess Club"]
[Date "2020.06.14"]
[Round "1"]
[White "blackmanrook"]
[Black "Mitochondria"]
[Result "1-0"]
[ICCResult "Black resigns"]
[WhiteElo "1604"]
[BlackElo "1609"]
[Opening "Sicilian: Grand Prix attack"]
[ECO "B23"]
[NIC "SI.44"]
[Time "12:21:37"]
[TimeControl "900+10"]

1. e4 c5 2. Nc3 Nc6 3. f4 d6 4. Bc4 e6 5. Nf3 Nf6 6. O-O Be7 7. e5 dxe5 8.
fxe5 Nd7 9. Qe1 O-O 10. d3 Nb4 11. Qf2 Nc6 12. Kh1 Ncxe5 13. Ne4 Nxc4 14.
dxc4 b6 15. Bf4 Bb7 16. Nd6 Bxd6 17. Bxd6 Re8 18. Rad1 Qc8 19. Ng5 Nf6 20.
Be5 Ng4 21. Qxf7+ {Black resigns} 1-0

[Event "ICC tourney 1877 (15 10)"]
[Site "Internet Chess Club"]
[Date "2020.06.14"]
[Round "1"]
[White "abi2009"]
[Black "PhaseShift"]
[Result "1-0"]
[ICCResult "Black resigns"]
[WhiteElo "1358"]
[BlackElo "1697"]
[Opening "English: symmetrical, Botvinnik system reversed"]
[ECO "A36"]
[NIC "EO.29"]
[Time "12:21:34"]
[TimeControl "900+10"]

1. c4 c5 2. g3 g6 3. Bg2 Bg7 4. Nc3 Nc6 5. e3 e5 6. Nge2 Nge7 7. d3 O-O 8.
O-O d6 9. Rb1 Rb8 10. a3 a5 11. e4 Bg4 12. h3 Be6 13. Nd5 b5 14. Be3 b4 15.
Qc2 f5 16. f4 Bxd5 17. exd5 Nd4 18. Bxd4 exd4 19. Rfe1 Kh8 20. Kh2 Ng8 21.
Ng1 Re8 22. Nf3 h6 23. Rxe8 Qxe8 24. Re1 Qd7 25. Re6 Nf6 26. Qe2 Re8 27.
Rxe8+ Qxe8 28. Qe6 Qxe6 29. dxe6 Kg8 30. Nh4 Kh7 31. e7 {Black resigns} 1-0

[Event "ICC tourney 1877 (15 10)"]
[Site "Internet Chess Club"]
[Date "2020.06.14"]
[Round "1"]
[White "capetarget"]
[Black "combusken1123"]
[Result "0-1"]
[ICCResult "White resigns"]
[WhiteElo "1317"]
[BlackElo "1483"]
[Opening "Sicilian: Pelikan (Lasker/Sveshnikov) variation"]
[ECO "B30"]
[NIC "SI.35"]
[Time "12:21:38"]
[TimeControl "900+10"]

1. e4 c5 2. Nf3 Nc6 3. Nc3 Nf6 4. d4 cxd4 5. Nxd4 e5 6. Nb3 Bb4 7. Bd3 Bxc3+
8. bxc3 O-O 9. Bg5 d6 10. O-O Be6 11. Qf3 Rc8 12. h3 d5 13. Bxf6 Qxf6 14.
Qxf6 gxf6 15. exd5 Bxd5 16. Rfd1 Rfd8 17. c4 Be6 18. Nc5 b6 19. Nxe6 fxe6
20. Rd2 e4 21. Rad1 exd3 22. cxd3 Rd4 23. f3 Rcd8 24. Kf2 e5 25. Ke3 f5 26.
g3 Kf7 27. Rb1 Na5 28. Rbd1 Ke6 29. Ke2 e4 30. fxe4 fxe4 31. dxe4 Rxd2+ 32.
Rxd2 Rxd2+ 33. Kxd2 Nxc4+ 34. Kd3 Nd6 35. Kd4 a6 36. g4 Nf7 37. h4 h6 38.
Kc4 Ne5+ 39. Kd4 Nxg4 40. h5 Nf6 41. Ke3 Nxh5 42. Kf3 Nf6 43. Kf4 h5 44. Kg5
Ke5 45. Kh4 Kxe4 46. a4 b5 47. axb5 axb5 48. Kg5 b4 49. Kxf6 b3 {White
resigns} 0-1

[Event "ICC tourney 1877 (15 10)"]
[Site "Internet Chess Club"]
[Date "2020.06.14"]
[Round "1"]
[White "evg1234567"]
[Black "chesscracker40"]
[Result "0-1"]
[ICCResult "White checkmated"]
[WhiteElo "1708"]
[BlackElo "1607"]
[Opening "King's Indian: 5.Nf3"]
[ECO "E90"]
[NIC "KI.21"]
[Time "12:21:51"]
[TimeControl "900+10"]

1. d4 Nf6 2. c4 g6 3. Nc3 Bg7 4. e4 d6 5. Nf3 O-O 6. Bd3 Nbd7 7. O-O e5 8.
d5 Nc5 9. Bc2 Ne8 10. Be3 f5 11. exf5 Bxf5 12. Bxf5 gxf5 13. Qc2 e4 14. Nd4
f4 15. Nxe4 Nxe4 16. Qxe4 fxe3 17. Ne6 Qe7 18. fxe3 Rxf1+ 19. Rxf1 Nf6 20.
Qf3 Nd7 21. Qg4 Nc5 22. Nxc5 Qxe3+ 23. Kh1 Qxc5 24. Qe6+ Kh8 25. Rf7 Qd4 26.
h3 Qxc4 27. Rxg7 Qf1+ 28. Kh2 Kxg7 29. Qd7+ Qf7 30. Qg4+ Kh8 31. Qd4+ Qg7
32. Qf2 Rf8 33. Qe2 Qe5+ 34. Qxe5+ dxe5 35. Kg3 e4 36. d6 cxd6 37. b4 e3 38.
b5 e2 39. b6 e1=Q+ 40. Kh2 Qe5+ 41. Kg1 Qe1+ 42. Kh2 Rf1 43. g4 Qf2#
{White checkmated}
0-1

[Event "ICC tourney 1877 (15 10)"]
[Site "Internet Chess Club"]
[Date "2020.06.14"]
[Round "1"]
[White "andrewhzhang"]
[Black "chief2006"]
[Result "1-0"]
[ICCResult "Black checkmated"]
[WhiteElo "1483"]
[BlackElo "1317"]
[Opening "Giuoco Piano"]
[ECO "C54"]
[NIC "IG.02"]
[Time "12:22:09"]
[TimeControl "900+10"]

1. e4 e5 2. Nf3 Nc6 3. Bc4 Bc5 4. c3 Nf6 5. d3 d6 6. O-O h6 7. d4 exd4 8.
cxd4 Bb6 9. Nc3 O-O 10. h3 Re8 11. Re1 Nxe4 12. Nxe4 d5 13. Bxd5 Qxd5 14.
Nf6+ gxf6 15. Rxe8+ Kg7 16. Qd2 Qh5 17. d5 Ne5 18. Nxe5 fxe5 19. Qb4 c5 20.
dxc6 Qd1+ 21. Kh2 Kg6 22. Rg8+ Kh5 23. g4+ Bxg4 24. hxg4+ Kh4 25. Qe7+ f6
26. Qxf6# {Black checkmated} 1-0

[Event "ICC tourney 1877 (15 10)"]
[Site "Internet Chess Club"]
[Date "2020.06.14"]
[Round "1"]
[White "mrneale"]
[Black "ChocolateBox"]
[Result "0-1"]
[ICCResult "White resigns"]
[WhiteElo "1525"]
[BlackElo "1576"]
[Opening "Queen's bishop game"]
[ECO "D02"]
[NIC "QP.08"]
[Time "12:21:42"]
[TimeControl "900+10"]

1. d4 d5 2. Nf3 Nf6 3. Bf4 e6 4. e3 Bd6 5. Ne5 O-O 6. Bd3 b6 7. Nd2 Bb7 8.
O-O c5 9. c3 Qc7 10. h3 Nbd7 11. Ndf3 Ne4 12. Nxd7 Qxd7 13. Bxd6 Qxd6 14.
Nd2 Rac8 15. Bxe4 dxe4 16. Nc4 Qd5 17. Ne5 cxd4 18. cxd4 f6 19. Ng4 Ba6 20.
Re1 h5 21. Nh2 Bd3 22. b3 Rc2 23. Nf1 Qg5 24. Ng3 h4 25. Nh5 e5 26. Qg4 Qxg4
27. hxg4 g6 28. Nf4 exf4 29. exf4 f5 30. gxf5 gxf5 31. Re3 Rf7 32. Rh3 Rh7
33. d5 Rc5 34. d6 Kf7 35. g3 Rd5 36. Rc1 Rc5 37. Rxc5 bxc5 38. Rh2 h3 39. f3
exf3 40. Kf2 Be2 41. Ke3 Ke6 42. Kd2 Kxd6 43. Kc3 Kd5 44. a3 f2 45. Rxf2 h2
46. Rxh2 Rxh2 {White resigns} 0-1

[Event "ICC tourney 1877 (15 10)"]
[Site "Internet Chess Club"]
[Date "2020.06.14"]
[Round "1"]
[White "Cbf577"]
[Black "rockinroll"]
[Result "0-1"]
[ICCResult "White checkmated"]
[WhiteElo "1180"]
[BlackElo "1143"]
[Opening "French: exchange variation"]
[ECO "C01"]
[NIC "FR.01"]
[Time "12:21:31"]
[TimeControl "900+10"]

1. e4 e6 2. d4 d5 3. exd5 exd5 4. Nf3 Nf6 5. Nc3 Be7 6. Be2 O-O 7. O-O h6 8.
Bd3 Bg4 9. h3 Be6 10. Re1 c5 11. Be3 c4 12. Be2 Nc6 13. b3 Bb4 14. Bd2 Qa5
15. Nb1 Bxd2 16. Qxd2 Qxd2 17. Nbxd2 Nb4 18. Rec1 c3 19. Nb1 Rac8 20. a3 Na6
21. Rd1 Ne4 22. Rd3 Bf5 23. Rd1 Rfe8 24. Bd3 f6 25. Nh4 Bh7 26. Nf3 Nc7 27.
Bxe4 dxe4 28. Nh2 Nd5 29. Re1 h5 30. Nf1 Red8 31. Ne3 Nf4 32. Nc4 b5 33. Na5
Rxd4 34. Re3 Nd5 35. Re1 Rd2 36. Nxd2 cxd2 37. Red1 Rxc2 38. Kf1 Nc3 39. Nc6
Nxd1 40. Rxd1 Rxc6 41. Rxd2 e3 42. fxe3 Rc1+ 43. Kf2 Rc2 44. Rxc2 Bxc2 45.
b4 Kf7 46. Kf3 g5 47. g3 Ke6 48. h4 Kf5 49. hxg5 fxg5 50. Kf2 h4 51. gxh4
gxh4 52. Kg2 Kg4 53. Kh2 h3 54. Kg1 Kg3 55. Kh1 h2 56. a4 Be4#
{White checkmated}
0-1

[Event "ICC tourney 1877 (15 10)"]
[Site "Internet Chess Club"]
[Date "2020.06.14"]
[Round "1"]
[White "brfong"]
[Black "NSXchessplayer"]
[Result "1-0"]
[ICCResult "Black checkmated"]
[WhiteElo "1483"]
[BlackElo "1317"]
[Opening "Queen's bishop game"]
[ECO "D02"]
[NIC "QP.09"]
[Time "12:26:21"]
[TimeControl "900+10"]

1. Nf3 d5 2. d4 Nf6 3. Bf4 e6 4. e3 a6 5. Nbd2 c5 6. c3 Nc6 7. Bd3 b6 8. Qe2
Bb7 9. Ne5 Nxe5 10. Bxe5 Be7 11. dxc5 Bxc5 12. Bd4 Bxd4 13. exd4 Qd6 14. Nf3
Nd7 15. O-O O-O 16. Rfe1 Rfe8 17. Ne5 f6 18. Bxh7+ Kxh7 19. Qh5+ Kg8 20.
Qf7+ Kh7 21. Re3 Qxe5 22. Rh3+ Qh5 23. Rxh5# {Black checkmated} 1-0

[Event "ICC tourney 1877 (15 10)"]
[Site "Internet Chess Club"]
[Date "2020.06.14"]
[Round "1"]
[White "funchesser"]
[Black "aghilan"]
[Result "1-0"]
[ICCResult "Black checkmated"]
[WhiteElo "1398"]
[BlackElo "1550"]
[Opening "Giuoco Piano"]
[ECO "C54"]
[NIC "IG.02"]
[Time "12:21:56"]
[TimeControl "900+10"]

1. e4 e5 2. Nf3 Nc6 3. Bc4 Bc5 4. c3 Nf6 5. d3 d6 6. O-O O-O 7. Re1 h6 8.
Nbd2 Be6 9. b4 Bb6 10. a4 a5 11. b5 Nb8 12. Bxe6 fxe6 13. Nc4 Ba7 14. d4
exd4 15. cxd4 d5 16. exd5 exd5 17. Nxa5 Ne4 18. Nxb7 Qf6 19. Be3 Nd7 20. a5
Qg6 21. Nh4 Qf6 22. Qh5 Nxf2 23. Rf1 Bxd4 24. Qxd5+ Kh8 25. Bxd4 Qxh4 26.
Qxd7 Ng4 27. Qxg7# {Black checkmated} 1-0

[Event "ICC tourney 1877 (15 10)"]
[Site "Internet Chess Club"]
[Date "2020.06.14"]
[Round "1"]
[White "VibrantBroccoli"]
[Black "Sanyi9Pakh"]
[Result "0-1"]
[ICCResult "White checkmated"]
[WhiteElo "1315"]
[BlackElo "1487"]
[Opening "Scandinavian defense"]
[ECO "B01"]
[NIC "SD.03"]
[Time "12:21:45"]
[TimeControl "900+10"]

1. e4 d5 2. exd5 Nf6 3. Nc3 Nxd5 4. d4 e6 5. Nf3 Bb4 6. Bd2 O-O 7. Bc4 Nb6
8. Bd3 Nc6 9. Ne2 h6 10. O-O Re8 11. c3 Bf8 12. Qc2 e5 13. dxe5 Nxe5 14.
Nxe5 Rxe5 15. Rad1 Qe8 16. Bf4 Re7 17. Nd4 c6 18. h3 Be6 19. b3 Rd8 20. Rfe1
g6 21. Nxe6 Rxe6 22. Rxe6 Qxe6 23. Kf1 Bg7 24. c4 Nd7 25. Re1 Qf6 26. Bg3
Qc3 27. Qxc3 Bxc3 28. Rc1 Bb2 29. Rc2 Bd4 30. Re2 Nc5 31. Bc2 Bf6 32. Bf4
Kg7 33. g4 Ne6 34. Be5 Bxe5 35. Rxe5 Rd2 36. Re2 Rxe2 37. Kxe2 Nd4+ 38. Kd3
Nxc2 39. Kxc2 Kf6 40. f4 g5 41. fxg5+ Kxg5 42. Kd3 Kh4 43. Ke4 Kxh3 44. Kf5
Kh4 45. Kf4 Kh3 46. b4 Kh4 47. a4 a6 48. b5 cxb5 49. axb5 axb5 50. cxb5 b6
51. Ke5 Kxg4 52. Kd6 h5 53. Kc6 h4 54. Kxb6 h3 55. Kc7 h2 56. b6 h1=Q 57. b7
Qc1+ 58. Kd7 Qb2 59. Kc7 Qxb7+ 60. Kxb7 f5 61. Kc6 f4 62. Kd5 Kg3 63. Ke4 f3
64. Kd3 Kg2 65. Kd2 f2 66. Ke2 f1=Q+ 67. Ke3 Qf3+ 68. Kd4 Kf2 69. Ke5 Ke3
70. Ke6 Qe4+ 71. Kf6 Qd5 72. Ke7 Ke4 73. Kf6 Qe5+ 74. Kf7 Kf5 75. Kf8 Qc7
76. Ke8 Kf6 77. Kf8 Qf7# {White checkmated} 0-1

[Event "ICC tourney 1877 (15 10)"]
[Site "Internet Chess Club"]
[Date "2020.06.14"]
[Round "1"]
[White "omegablitz"]
[Black "Gurru235088"]
[Result "0-1"]
[ICCResult "White checkmated"]
[WhiteElo "1317"]
[BlackElo "1483"]
[Opening "Nimzo-Indian: classical variation"]
[ECO "E32"]
[NIC "NI.24"]
[Time "12:21:59"]
[TimeControl "900+10"]

1. d4 Nf6 2. c4 e6 3. Nc3 Bb4 4. Qc2 O-O 5. Nf3 d5 6. e3 b6 7. Be2 Ba6 8.
cxd5 Bxe2 9. Qxe2 Nxd5 10. Bd2 Nxc3 11. bxc3 Bd6 12. O-O c5 13. Rac1 Nc6 14.
Rfd1 Qc7 15. h3 h6 16. e4 e5 17. d5 Ne7 18. c4 f5 19. Bc3 fxe4 20. Qxe4 Rf4
21. Qe2 Ng6 22. Re1 Raf8 23. Qd3 R8f6 24. Bd2 R4f5 25. Re4 Qf7 26. Rd1 Rxf3
27. Rf1 Rxd3 28. Be3 Ra3 29. Ra1 Nf4 30. Bxf4 Rxf4 31. Rxf4 Qxf4 32. g3 Qd2
33. Rf1 Rxa2 34. Kg2 e4 35. h4 e3 36. Kh3 exf2 37. g4 Qe3+ 38. Kg2 Qg3+ 39.
Kh1 Qh2# {White checkmated} 0-1

[Event "ICC tourney 1877 (15 10)"]
[Site "Internet Chess Club"]
[Date "2020.06.14"]
[Round "1"]
[White "VincentT2008"]
[Black "Neal-Li"]
[Result "1-0"]
[ICCResult "Black resigns"]
[WhiteElo "1346"]
[BlackElo "1265"]
[Opening "Queen's gambit accepted"]
[ECO "D20"]
[NIC "QG.03"]
[Time "12:21:36"]
[TimeControl "900+10"]

1. d4 d5 2. c4 dxc4 3. e3 Nf6 4. Bxc4 Bf5 5. Nc3 e6 6. Nf3 Nc6 7. O-O Be7 8.
Bb5 O-O 9. Qe2 Bg4 10. h3 Bh5 11. b3 a6 12. Bxc6 bxc6 13. Bb2 Nd5 14. Rac1
Qd7 15. Ne4 Bd6 16. Nc5 Bxc5 17. Rxc5 Nb4 18. a3 Bxf3 19. Qxf3 Nd3 20. Rc2
Nxb2 21. Rxb2 Qd6 22. b4 Rab8 23. Rc1 Rb6 24. Rc5 h6 25. Rbc2 Rc8 26. Rxc6
Qd7 27. R6c5 Rd6 28. Rc6 Rd5 29. Rxa6 c6 30. Rc5 Qb7 31. Raa5 Qb8 32. Qe2 e5
33. Qc4 exd4 34. exd4 Re8 35. Qc3 Qf4 36. Rxd5 cxd5 37. Rxd5 Re2 38. Rd8+
Kh7 39. Qd3+ Re4 40. f3 Qc1+ 41. Kh2 Qf4+ 42. g3 Qc1 43. Qxe4+ g6 44. Qe5
Qd2+ 45. Kg1 Qd1+ 46. Kf2 Qd2+ 47. Qe2 Qc3 48. Rd7 Qb3 49. d5 Kg7 50. Qe5+
Kg8 51. Rd8+ {Black resigns} 1-0

[Event "ICC tourney 1877 (15 10)"]
[Site "Internet Chess Club"]
[Date "2020.06.14"]
[Round "1"]
[White "justice02"]
[Black "MehPlayer"]
[Result "1-0"]
[ICCResult "Black resigns"]
[WhiteElo "1592"]
[BlackElo "1413"]
[Opening "French: advance, Paulsen attack"]
[ECO "B30"]
[NIC "SI.31"]
[Time "12:21:43"]
[TimeControl "900+10"]

1. e4 c5 2. Nf3 Nc6 3. c3 d5 4. e5 e6 5. d4 Nge7 6. Bd3 Qb6 7. O-O Ng6 8. a4
Bd7 9. Bc2 Rc8 10. h4 cxd4 11. cxd4 Nb4 12. Bxg6 hxg6 13. Nc3 a6 14. Re1 Be7
15. g3 Nc6 16. Kg2 Na5 17. Re3 Nc4 18. Re2 Na5 19. Re3 Nc4 20. Re2 Na5 21.
Bg5 f6 22. exf6 gxf6 23. Bf4 Kf7 24. Qe1 Nc6 25. Rd1 Qd8 26. Bc1 Qg8 27. Qd2
Qh7 28. Qe3 g5 29. Rh1 g4 30. Nh2 f5 31. Qf4 Nb4 32. Nxg4 Nd3 33. Ne5+ Ke8
34. Nxd3 Qh5 35. Qf3 {Black resigns} 1-0

[Event "ICC tourney 1877 (15 10)"]
[Site "Internet Chess Club"]
[Date "2020.06.14"]
[Round "1"]
[White "kralj8"]
[Black "wjjones88"]
[Result "1-0"]
[ICCResult "Black resigns"]
[WhiteElo "1653"]
[BlackElo "1755"]
[Opening "Robatsch defense: two knights, Suttles variation"]
[ECO "B07"]
[NIC "VO.17"]
[Time "12:21:33"]
[TimeControl "900+10"]

1. e4 d6 2. d4 g6 3. Nf3 Bg7 4. Nc3 c6 5. Be3 Nf6 6. Bc4 b5 7. Bb3 b4 8. e5
Ng4 9. Ng5 d5 10. Na4 Nxe3 11. fxe3 h6 12. Nf3 O-O 13. O-O Bf5 14. Nc5 Nd7
15. Nxd7 Qxd7 16. c3 a5 17. cxb4 axb4 18. Bc2 Bg4 19. h3 Be6 20. Nd2 c5 21.
Nb3 c4 22. Nc5 Qc6 23. e4 Bc8 24. exd5 Qxd5 25. Be4 Qd8 26. Bxa8 Bg4 27.
Qxg4 Qxa8 28. Qf3 Qc8 29. Rae1 h5 30. Qe4 e6 31. Rc1 Rd8 32. Rxc4 Qb8 33. b3
Rd5 34. Qf4 Qa7 35. Ne4 Rxe5 36. Rc8+ Kh7 37. Ng5+ Rxg5 38. Qxg5 Qxd4+ 39.
Kh1 f6 40. Qf4 Qb2 41. Qf2 Qe5 42. Qa7 Qb5 43. Rfc1 Kh6 44. R8c7 Bf8 45.
Rh7+ Kg5 46. Qe3+ Kf5 47. g4+ hxg4 48. hxg4+ Kxg4 49. Qxe6+ f5 50. Qxg6+ Kf4
51. Rh4+ Ke5 52. Qxf5+ Kxf5 53. Rh5+ Ke4 54. Rxb5 Bd6 55. Rc4+ Kd3 56. Rbxb4
Bxb4 57. Rxb4 Kc3 58. Rb8 Kb2 59. a4 {Black resigns} 1-0

[Event "ICC tourney 1877 (15 10)"]
[Site "Internet Chess Club"]
[Date "2020.06.14"]
[Round "1"]
[White "vibi"]
[Black "persianking"]
[Result "0-1"]
[ICCResult "White resigns"]
[WhiteElo "1482"]
[BlackElo "1804"]
[Opening "QGD: Neo-orthodox variation, 7.Bh4"]
[ECO "D56"]
[NIC "QP.08"]
[Time "12:21:31"]
[TimeControl "900+10"]

1. d4 d5 2. c4 e6 3. Nf3 Nf6 4. Bg5 Be7 5. Nc3 O-O 6. e3 h6 7. Bh4 Nbd7 8.
Rc1 c5 9. cxd5 exd5 10. Bd3 b6 11. O-O a6 12. Qe2 Re8 13. Rfd1 c4 14. Bb1 b5
15. b3 b4 16. Na4 c3 17. Ne5 Nxe5 18. dxe5 Ng4 19. Bg3 Bh4 20. Qd3 g6 21.
Qxd5 Qxd5 22. Rxd5 Bxg3 23. hxg3 Bb7 24. Rd6 Nxe5 25. Nc5 Bc8 26. Rcd1 Kf8
27. Be4 Ra7 28. Na4 f5 29. Bc2 Kf7 30. Nb6 Be6 31. Na4 Ree7 32. Nc5 a5 33.
Rd8 Rac7 34. Nxe6 Kxe6 35. R1d6+ Kf7 36. Rh8 Kg7 37. Rdd8 Red7 38. Rdg8+ Kf6
39. Rxh6 Rd2 40. Rf8+ Rf7 41. Rxf7+ Nxf7 42. Bxf5 Kxf5 43. g4+ Kf6 44. f4 c2
45. g5+ Kf5 {White resigns} 0-1

[Event "ICC tourney 1877 (15 10)"]
[Site "Internet Chess Club"]
[Date "2020.06.14"]
[Round "1"]
[White "rcsong"]
[Black "KrishnaSaketh"]
[Result "1-0"]
[ICCResult "Black resigns"]
[WhiteElo "1483"]
[BlackElo "1317"]
[Opening "English: symmetrical variation"]
[ECO "A16"]
[NIC "EO.64"]
[Time "12:21:29"]
[TimeControl "900+10"]

1. c4 Nf6 2. Nc3 c5 3. g3 Nc6 4. Bg2 g6 5. e4 d6 6. d3 Bg7 7. Nge2 Bd7 8.
O-O O-O 9. h3 Rb8 10. Kh2 a6 11. a4 e6 12. Be3 Qc7 13. Qd2 Nb4 14. Na2 Nxa2
15. Rxa2 b6 16. b4 Bc6 17. Rb1 Ba8 18. Ra3 a5 19. bxc5 bxc5 20. Rb5 Bc6 21.
Qxa5 Qxa5 22. Rxa5 Ra8 23. Rxa8 Rxa8 24. Nc3 Nd7 25. Nb5 Nb6 26. a5 Nc8 27.
Bf4 e5 28. Bd2 Bf8 29. h4 Na7 30. Rb3 Rb8 31. Nxa7 Rxb3 32. Nxc6 Rxd3 33.
Bg5 Ra3 34. Bh3 Kg7 35. Bc8 f6 36. Be3 Kf7 37. a6 Be7 38. a7 Rxa7 39. Nxa7
Bd8 40. Bb7 Ba5 41. Bd5+ Ke7 42. Nc6+ {Black resigns} 1-0

[Event "ICC tourney 1877 (15 10)"]
[Site "Internet Chess Club"]
[Date "2020.06.14"]
[Round "1"]
[White "MIEMBR"]
[Black "jnach"]
[Result "1/2-1/2"]
[ICCResult "Game drawn by repetition"]
[WhiteElo "1438"]
[BlackElo "1413"]
[Opening "Queen's Indian: old main line, 6.O-O"]
[ECO "E17"]
[NIC "QP.06"]
[Time "12:25:35"]
[TimeControl "900+10"]

1. d4 Nf6 2. Nf3 e6 3. g3 b6 4. Bg2 Bb7 5. O-O Be7 6. c4 d5 7. cxd5 Bxd5 8.
Nc3 Bb7 9. Qa4+ Bc6 10. Qc2 O-O 11. e4 Bb4 12. e5 Nd5 13. Ng5 g6 14. Nge4
Be7 15. a3 Re8 16. h4 h5 17. Bg5 Bxg5 18. Nxg5 Ne7 19. Rad1 Bxg2 20. Kxg2
Nf5 21. Nce4 Nd7 22. Qe2 Qe7 23. Nc3 c5 24. Nf3 cxd4 25. Nxd4 Rad8 26. Nc6
Qf8 27. Nxd8 Rxd8 28. Ne4 Qe7 29. Rxd7 Rxd7 30. Nf6+ Kg7 31. Nxd7 Qxd7 32.
Rd1 Qc6+ 33. Kg1 Ne7 34. Rd6 Qc5 35. Rd7 Nc6 36. Rc7 Qd5 37. f4 Nd4 38. Qg2
Qb5 39. Kh2 Qd3 40. Rc3 Qb5 41. Qf2 Nf5 42. Kg2 Nh6 43. Qf1 Qd5+ 44. Qf3
Qd2+ 45. Qf2 Qd5+ 46. Qf3 Qd2+ 47. Qf2 Qd5+ 48. Qf3 {Game drawn by
repetition} 1/2-1/2

[Event "ICC tourney 1877 (15 10)"]
[Site "Internet Chess Club"]
[Date "2020.06.14"]
[Round "1"]
[White "TarraschKan"]
[Black "steinutz"]
[Result "0-1"]
[ICCResult "White checkmated"]
[WhiteElo "1317"]
[BlackElo "1483"]
[Opening "Vienna gambit"]
[ECO "C25"]
[NIC "VG.04"]
[Time "12:21:59"]
[TimeControl "900+10"]

1. e4 e5 2. Nc3 Nc6 3. f4 exf4 4. Nf3 Be7 5. d4 Bh4+ 6. Ke2 d6 7. Bxf4 Bg4
8. h3 Bh5 9. g4 Bg6 10. d5 Ne5 11. Nxe5 dxe5 12. Bxe5 Nf6 13. Bg2 O-O 14.
Qd4 a6 15. Bxf6 Bxf6 16. Qd3 b5 17. a3 Rb8 18. Rae1 b4 19. axb4 Rxb4 20.
Qxa6 Rxb2 21. Qd3 Qd6 22. h4 h6 23. h5 Bh7 24. Rhf1 Be5 25. Rb1 Rfb8 26.
Rxb2 Rxb2 27. Qf3 Rxc2+ 28. Kd1 Rxc3 29. Qxf7+ Kh8 30. Qe8+ Bg8 31. Rf8 Rd3+
32. Ke2 Re3+ 33. Kxe3 Qc5+ 34. Ke2 Qc2+ 35. Kf1 Qd1+ 36. Kf2 Qd4+ 37. Ke2
Qc4+ 38. Kd2 Qd4+ 39. Kc2 Qc4+ 40. Kd1 Qd3+ 41. Ke1 Bg3+ 42. Rf2 Qe3+ 43.
Kd1 Bxf2 44. Qa4 Qd4+ 45. Qxd4 Bxd4 46. Kd2 Kh7 47. Kd3 Be5 48. Kc4 g5 49.
Kc5 Kg7 50. Kc6 Kf6 51. Kd7 Bf7 52. Bf3 Bd6 53. Kc6 Be8+ 54. Kb7 Ba4 55. Ka6
Ke5 56. Ka5 Bc2 57. Kb5 Bxe4 58. Bd1 Bxd5 59. Ka6 Kf4 60. Ka7 Bf3 61. Bc2
Bxg4 62. Kb7 Bxh5 63. Kc6 Bf3+ 64. Kd7 g4 65. Ke6 g3 66. Kf6 g2 67. Bg6 g1=Q
68. Be8 Qd4+ 69. Kg6 Qe4+ 70. Kxh6 Bf8# {White checkmated} 0-1

[Event "ICC tourney 1877 (15 10)"]
[Site "Internet Chess Club"]
[Date "2020.06.14"]
[Round "1"]
[White "aarushnaveen"]
[Black "reachraam"]
[Result "0-1"]
[ICCResult "White checkmated"]
[WhiteElo "1367"]
[BlackElo "1509"]
[Opening "Two knights defense"]
[ECO "C55"]
[NIC "IG.01"]
[Time "12:21:57"]
[TimeControl "900+10"]

1. e4 e5 2. Nf3 Nc6 3. Bc4 Nf6 4. d4 d6 5. O-O Bg4 6. c3 Nxe4 7. Re1 Nf6 8.
Bb5 Nd7 9. h3 Bh5 10. Qd3 Bg6 11. Qe3 f6 12. d5 Ne7 13. Bxd7+ Qxd7 14. c4
Nc8 15. Nc3 Be7 16. b3 a6 17. Bb2 O-O 18. Ne4 f5 19. Neg5 f4 20. Qe2 Bh5 21.
Ne6 Rf7 22. Qd3 Bg6 23. Qc3 Bf5 24. Nfg5 Bxg5 25. Nxg5 Rf6 26. c5 Rg6 27. c6
bxc6 28. dxc6 Qe7 29. Qc4+ Be6 30. Nxe6 Qxe6 31. Qc3 Qf5 32. b4 Qg5 33. Qc4+
Kh8 34. Qe4 Ne7 35. Qf3 Rb8 36. a3 h5 37. Rad1 Nf5 38. Qd5 Nh4 39. Bxe5 dxe5
40. Rxe5 Nf3+ 41. Qxf3 Qxe5 42. Rd7 Rc8 43. Rd5 Qe1+ 44. Kh2 Rf8 45. Rxh5+
Rh6 46. Rg5 Rff6 47. Qg4 Qxf2 48. Qc8+ Kh7 49. Qd7 Rfg6 50. Qf5 f3 51. Rxg6
Rxg6 52. Qh5+ Kg8 53. Qd5+ Kf8 54. Qf5+ Rf6 55. Qc8+ Kf7 56. Qd7+ Kg6 57.
Qg4+ Kh6 58. h4 Qxg2+ 59. Qxg2 fxg2 60. Kxg2 Rxc6 61. Kg3 Rc3+ 62. Kg4 Rxa3
63. Kf4 Rb3 64. Ke5 Rxb4 65. Kd5 a5 66. Kc6 a4 67. Kxc7 a3 68. Kc6 a2 69.
Kc7 a1=Q 70. Kc6 Rd4 71. Kc5 Qc3+ 72. Kb5 Rb4+ 73. Ka5 Qa3# {White
checkmated} 0-1

[Event "ICC tourney 1877 (15 10)"]
[Site "Internet Chess Club"]
[Date "2020.06.14"]
[Round "1"]
[White "Pifischer"]
[Black "FluffyKittens"]
[Result "1/2-1/2"]
[ICCResult "Game drawn by mutual agreement"]
[WhiteElo "1400"]
[BlackElo "1400"]
[Opening "Nimzo-Indian: classical variation"]
[ECO "E32"]
[NIC "NI.24"]
[Time "12:21:38"]
[TimeControl "900+10"]

1. d4 Nf6 2. c4 e6 3. Nc3 Bb4 4. Qc2 O-O 5. Nf3 h6 6. g3 d5 7. Bg2 b6 8.
cxd5 exd5 9. O-O Bb7 10. Bf4 a6 11. Rfd1 Nbd7 12. h3 Re8 13. Rac1 Bxc3 14.
bxc3 g5 15. Be5 c5 16. Qf5 Bc8 17. Qd3 c4 18. Qc2 b5 19. Rb1 Bb7 20. Qf5 Bc8
21. Qc2 Bb7 22. g4 Ne4 23. Bh2 Qe7 24. e3 Qa3 25. Rdc1 Ndf6 26. Rb4 Rad8 27.
Ne5 Kg7 28. f3 Nd6 29. Re1 a5 30. Rbb1 b4 31. Rec1 Nd7 32. Nc6 Bxc6 33. Bxd6
Rxe3 34. cxb4 axb4 35. Bxb4 Qd3 36. Qxd3 Rxd3 37. Kf2 Re8 38. Re1 Rxe1 39.
Rxe1 c3 40. Bf1 Rd2+ 41. Re2 Rb2 42. Bxc3 Rb1 43. Rd2 Rc1 44. Bb2 Rb1 45.
Bd3 Rh1 46. Kg2 Re1 47. Re2 Rxe2+ 48. Bxe2 Nf8 49. Ba3 Ne6 50. Bd6 Kf6 51.
Be5+ Ke7 52. Bd1 f6 53. Bg3 Nxd4 54. Kf2 Nb5 55. Bb3 d4 56. f4 Nd6 57. Bc2
Ne4+ 58. Bxe4 Bxe4 59. fxg5 hxg5 60. h4 Bd5 61. a3 Be6 62. Kf3 Bd5+ 63. Ke2
Ke6 64. h5 Be4 {Game drawn by mutual agreement} 1/2-1/2

[Event "ICC tourney 1877 (15 10)"]
[Site "Internet Chess Club"]
[Date "2020.06.14"]
[Round "1"]
[White "Leolix"]
[Black "BlunderMaster17"]
[Result "1-0"]
[ICCResult "Black resigns"]
[WhiteElo "1483"]
[BlackElo "1317"]
[Opening "QGD semi-Slav"]
[ECO "D43"]
[NIC "SL.03"]
[Time "12:23:06"]
[TimeControl "900+10"]

1. d4 d5 2. c4 c6 3. Nf3 Nf6 4. Nc3 e6 5. Bg5 Be7 6. e3 Nbd7 7. Bd3 O-O 8.
O-O a6 9. b3 h6 10. Bh4 b5 11. Qc2 Bb7 12. Rab1 Rc8 13. Bg3 b4 14. Ne2 c5
15. Qd2 Qb6 16. Rfc1 Rfd8 17. Ne5 a5 18. f4 Ne4 19. Bxe4 dxe4 20. Qe1 Nxe5
21. fxe5 Bg5 22. Bf2 cxd4 23. Nxd4 Qc7 24. Bg3 Qc5 25. Rd1 Rd7 26. h4 Be7
27. Rb2 Rcd8 28. Rbd2 Bc8 29. Qf2 Bf8 30. Qf4 Qb6 31. Qxe4 Bb7 32. Qg4 Ba8
33. Bf4 Kh8 34. h5 Qb7 35. Qh3 Bc5 36. Qg3 Qe4 37. Nxe6 fxe6 38. Rxd7 Rg8
39. Kh2 Qf5 40. Qh3 Qe4 41. Rd8 Rxd8 42. Rxd8+ Kh7 43. Qg3 Bb7 44. Rd7 Bf8
45. Qg6+ Kg8 46. Qf7+ Kh7 47. Rxb7 {Black resigns} 1-0